 Dungeon Crawl Stone Soup version 0.30.0-30-g96aa6591b8 (webtiles) character file.

Game seed: 3606719715893839095

95 AgateBread the Chopper (level 4, -2/19 (40) HPs)
             Began as a Hill Orc Reaver on June 30, 2023.
             Killed from afar by an orc wizard (5 damage)
             ... with a puff of flame
             ... on level 2 of the Dungeon.
             The game lasted 00:10:36 (2376 turns).

AgateBread the Chopper (Hill Orc Reaver)            Turns: 2376, Time: 00:10:36

HP:   -2/19 (40)    AC:  6    Str: 14    XL:     4   Next: 66%
MP:   6/6           EV: 11    Int: 13    God:
Gold: 105           SH:  0    Dex: 11    Spells: 5/6 levels left

rFire   . . .        a - +0 hand axe
rCold   . . .        (no shield)
rNeg    . . .        b - +0 leather armour
rPois   .            e - +2 hat
rElec   .            o - +0 cloak
rCorr   .            (no gloves)
SInv    .            (no boots)
Will    .....        (no amulet)
Stlth   +            (no ring)
HPRegen 0.23/turn    (no ring)
MPRegen 0.10/turn

%: no passive effects
@: extremely drained
A: no striking features
a: no special abilities


You were on level 2 of the Dungeon.
You visited 1 branch of the dungeon, and saw 3 of its levels.

You collected 105 gold pieces.

Inventory:

Hand Weapons
 a - a +0 hand axe (weapon)
 h - a +2 dagger of flaming
 q - a +0 battleaxe
Armour
 b - a +0 leather armour (worn)
 e - a +2 hat (worn)
 l - a +0 plate armour
 o - a +0 cloak (worn)
 t - a +0 ring mail
Jewellery
 m - a ring of willpower
 v - a ring of willpower
Scrolls
 c - a scroll of brand weapon {unknown}
 d - 2 scrolls of magic mapping
 f - a scroll of teleportation {unknown}
 i - a scroll of enchant weapon {unknown}
 j - a scroll of torment {unknown}
 k - 2 scrolls of identify {unknown}
 u - a scroll of vulnerability {unknown}
Potions
 g - a potion of heal wounds {unknown}
 n - a potion of lignification {unknown}
 p - a potion of brilliance {unknown}
 s - a potion of curing {unknown}


   Skills:
 + Level 3.8 Fighting
 + Level 5.1 Axes
 - Level 1.5 Dodging
 - Level 1.5 Spellcasting
 + Level 3.9 Conjurations


You had 5 spell levels left.
You knew the following spells:

 Your Spells              Type           Power      Damage    Failure   Level
a - Kiss of Death         Conj/Necr      24%        2d7       16%         1

Your spell library contained the following spells:

 Spells                   Type           Power      Damage    Failure   Level
 Momentum Strike          Conj/Tloc      12%        3d8       22%         2
 Hailstorm                Conj/Ice       6%         3d4       41%         3


Dungeon Overview and Level Annotations

Branches:
Dungeon (3/15)

Altars:


Message History

You bump into the rock wall.
You hear some strange, mumbled words.
You are more confused.
You bump into the rock wall.
Something hits you but does no damage.
You're too confused to move!
Something hits you but does no damage.
You bump into the rock wall.
Something hits you but does no damage.
You closely miss something. Something hits you.
You closely miss something. Something hits you.
You closely miss something.
You feel less invigorated. Something hits you.
You barely miss something.
You hear some strange, mumbled words.
A puff of flame appears from out of thin air!
The puff of flame misses you.
You bump into the rock wall.
Something hits you but does no damage.
You miss something. Something hits you.
You closely miss something. Something hits you but does no damage.
You're too confused to move!
Something hits you but does no damage.
You closely miss something. Something hits you but does no damage.
You bump into the rock wall.
You feel less confused.
You hear some strange, mumbled words.
A puff of flame appears from out of thin air!
The puff of flame hits you.
You hit something but do no damage.
You hear some strange, mumbled words.
A magic dart appears from out of thin air!
The magic dart hits you.
* * * LOW HITPOINT WARNING * * *
You miss something. Something hits you.
* * * LOW HITPOINT WARNING * * *
You barely miss something. Your punch misses something.
You hear some strange, mumbled words.
A magic dart appears from out of thin air!
The magic dart hits you.
* * * LOW HITPOINT WARNING * * *
You hit something.
You hear some strange, mumbled words.
A puff of flame appears from out of thin air!
The puff of flame hits you.
You die...

#.###########.##
#.# ####.#### #.#
#........ #.#
#.##.###. #.#
#.##.# #. #.#
#.##.###> #.#
##.##..... #.#
##...#..... #@#
##.###.##.##
#{#####.## ##.#.##
#.##....#####.#.##
#.#...#.##.##.#.#.
#...#.............
#..###.......##.#.
##..#..........#.#
##..........)###.
###..........#.#


There were no monsters in sight!

Vanquished Creatures
  An orc wizard (D:2)
  2 adders (D:2)
  2 worms (D:2)
  2 dart slugs (D:2)
  An orc (D:2)
  3 ball pythons
  4 bats
  An endoplasm (D:2)
  2 giant cockroaches (D:1)
  4 goblins
  6 hobgoblins
  2 kobolds (D:2)
  A quokka (D:1)
  5 frilled lizards
  7 rats
43 creatures vanquished.

Notes
Turn   | Place    | Note
-------+----------+-------------------------------------------
     0 | D:1      | AgateBread the Hill Orc Reaver began the quest for the Orb.
     0 | D:1      | Reached XP level 1. HP: 18/18 MP: 3/3
   210 | D:1      | Reached XP level 2. HP: 25/25 MP: 4/4
   880 | D:2      | Reached XP level 3. HP: 26/31 MP: 5/5
  1437 | D:2      | Found a faded altar of an unknown god.
  1488 | D:2      | Reached XP level 4. HP: 32/34 MP: 4/6
  2336 | D:2      | Reached skill level 5 in Axes
  2376 | D:2      | Killed from afar by an orc wizard

Illustrated notes

Levels and vault maps discovered:
D:1:      dpeg_arrival_refuge, layout_loops_corners, due_unseen_surprise
D:2:      layout_loops_ring, chequers_ecumenical_altar_lobes, st_stairs_13
D:3:      layout_basic, cheibrodos_sewer_entry_bend

Skill      XL: |  1  2  3  4 |
---------------+-------------+-----
Fighting       | 3 |  3.8
Axes           | 5 |  5.1
Dodging        | |  1.5
Spellcasting   | |  1.5
Conjurations   | |  3.9

Action                     |  1- 3 |  4- 6 || total
---------------------------+-------+-------++-------
  Melee: Hand axe          |   141 |    59 ||   200
         Punch             |       |     1 ||     1
   Cast: Kiss of Death     |     2 |     3 ||     5
    Use: Scroll            |       |     2 ||     2
         Potion            |       |     2 ||     2
 Armour: Leather armour    |    53 |    38 ||    91
  Dodge: Dodged            |    73 |    12 ||    85
